Map: [ESL] Oceanborn

Players

DnS - Winner!

  • Race: Protoss Protoss
  • Spawn Location: 5:00

ShaDoWn

  • Race: Protoss Protoss
  • Spawn Location: 11:00

Event: ESL SC2 Masters 2024 Spring (Regional)

VOD

Have the link to the VOD?

Description

Time

  • Played on: April 10, 2024, 9:14 a.m.
  • Length: 10:19

All games in this series

Show
View Real Time Build Order
Export as new Build Order

DnS Protoss - Winner!

Build Orders: Blink Stalkers 

Get SALT Encoding   

  12  0:00  Probe  
  13  0:12  Probe  
  14  0:17  Pylon  
  14  0:24  Probe (Chrono Boost)  
  15  0:36  Probe (Chrono Boost), Gateway  
  16  0:44  Probe (Chrono Boost)  
  16  0:46  Assimilator  
  17  0:51  Probe  
  17  0:54  Assimilator  
  18  1:03  Probe (Chrono Boost)  
  19  1:07  Gateway  
  19  1:12  Probe (Chrono Boost)  
  19  1:17  Probe (Chrono Boost)  
  20  1:25  Cybernetics Core  
  21  1:29  Probe  
  22  1:37  Pylon  
  22  1:41  Probe  
  23  1:55  Probe  
  23  2:01  Stalker x2  
  26  2:04  Warp Gate  
  28  2:09  Probe  
  28  2:12  Pylon  
  29  2:31  Stalker x2  
  33  2:54  Nexus  
  33  3:01  Shield Battery  
  33  3:04  Sentry  
  35  3:06  Sentry  
  35  3:12  Probe  
  38  3:17  Pylon  
  38  3:22  Shield Battery  
  38  3:27  Twilight Council  
  38  3:29  Probe  
  40  3:41  Probe  
  40  3:54  Stalker x2  
  40  3:55  Probe  
  43  3:59  Blink (Chrono Boost)  
  43  4:12  Probe x2 (Chrono Boost)  
  45  4:22  Probe (Chrono Boost)  
  45  4:23  Probe (Chrono Boost)  
  46  4:27  Probe (Chrono Boost)  
  46  4:28  Probe (Chrono Boost)  
  46  4:31  Stalker x2  
  52  4:38  Probe  
  52  4:40  Probe  
  54  4:50  Probe  
  54  4:52  Probe  
  56  4:55  Stalker x2  
  58  5:02  Probe  
  58  5:04  Probe  
  59  5:15  Probe  
  59  5:16  Probe  
  59  5:17  Pylon  
  61  5:22  Nexus  
  61  5:28  Robotics Facility  
  61  5:31  Probe  
  61  5:32  Pylon  
  61  5:35  Probe  
  63  5:38  Stalker  
  65  5:45  Stalker  
  65  5:46  Probe  
  68  5:50  Pylon  
  68  5:51  Probe  
  69  5:58  Probe  
  70  6:04  Probe  
  70  6:05  Stalker  
  70  6:07  Assimilator  
  70  6:10  Probe  
  74  6:13  Observer  
  74  6:17  Probe  
  74  6:23  Probe  
  74  6:24  Stalker  
  73  6:29  Probe  
  70  6:34  Probe  
  70  6:35  Probe  
  70  6:41  Probe  
  70  6:46  Probe  
  70  6:48  Probe  
  70  6:49  Warp Prism  
  70  6:50  Gateway  
  70  6:51  Gateway  
  70  6:54  Gateway  
  69  6:55  Gateway  
  69  6:56  Probe  
  69  6:59  Stalker x2  
  69  7:00  Probe  
  73  7:07  Probe  
  72  7:09  Charge (Chrono Boost)  
  72  7:11  Probe  
  73  7:16  Probe  
  73  7:17  Gateway  
  73  7:19  Pylon  
  73  7:20  Gateway  
  73  7:21  Forge  
  74  7:24  Stalker  
  74  7:26  Stalker  
  78  7:30  Probe x2  
  78  7:35  Pylon  
  78  7:36  Observer (Chrono Boost), Probe  
  82  7:44  Stalker  
  82  7:49  Stalker x5, Protoss Ground Weapons Level 1 (Chrono Boost)  
  94  8:00  Nexus  
  94  8:02  Pylon  
  94  8:15  Stalker x5  
  94  8:30  Stalker x3  
  94  8:31  Probe x3  
  103  8:35  Photon Cannon  
  103  8:40  Stalker x2  
  107  8:42  Zealot, Stalker  
  107  8:47  Photon Cannon  
  111  8:50  Stalker  
  111  8:52  Probe x3  
  111  8:54  Zealot  
  116  9:03  Zealot x3  
  116  9:07  Observer  
  116  9:09  Stalker  
  124  9:13  Photon Cannon  
  122  9:19  Photon Cannon  
  122  9:21  Probe x2  
  122  9:23  Probe x2  
  121  9:33  Probe  
  121  9:34  Probe  
  121  9:38  Zealot x8  
  131  9:42  Observer  
  138  9:45  Probe  
  138  9:46  Probe x3  
  138  9:59  Zealot x2  
  140  10:05  Pylon, Stalker x3  
  140  10:06  Pylon  
  136  10:07  Pylon, Gateway  
  136  10:09  Gateway  
Show
View Real Time Build Order
Export as new Build Order

ShaDoWn Protoss 

Build Orders: Oracle Opening 

Get SALT Encoding   

  12  0:00  Probe  
  13  0:12  Probe  
  14  0:17  Pylon  
  14  0:24  Probe  
  15  0:36  Gateway  
  15  0:37  Probe (Chrono Boost)  
  16  0:46  Probe (Chrono Boost)  
  16  0:47  Assimilator  
  17  0:51  Probe (Chrono Boost)  
  18  1:03  Probe (Chrono Boost)  
  19  1:05  Assimilator  
  19  1:12  Probe (Chrono Boost), Gateway  
  19  1:18  Probe  
  20  1:24  Cybernetics Core  
  21  1:30  Probe  
  22  1:33  Pylon  
  22  1:42  Probe  
  23  1:54  Probe  
  23  2:00  Stalker, Adept  
  23  2:01  Warp Gate (Chrono Boost)  
  28  2:06  Probe  
  29  2:11  Pylon  
  29  2:22  Stargate  
  29  2:24  Probe  
  30  2:50  Nexus  
  30  2:55  Stalker  
  32  3:01  Probe  
  32  3:03  Oracle (Chrono Boost)  
  36  3:16  Probe  
  37  3:21  Pylon  
  35  3:28  Probe  
  36  3:39  Twilight Council  
  36  3:42  Stalker  
  36  3:43  Stalker  
  36  3:44  Probe  
  39  3:58  Probe  
  40  4:03  Probe  
  40  4:05  Stalker  
  40  4:06  Stalker  
  45  4:12  Blink (Chrono Boost)  
  45  4:14  Probe (Chrono Boost)  
  45  4:16  Probe (Chrono Boost)  
  48  4:26  Probe (Chrono Boost)  
  48  4:28  Probe (Chrono Boost)  
  49  4:31  Probe (Chrono Boost)  
  49  4:36  Probe  
  51  4:42  Nexus  
  51  4:44  Probe  
  52  4:48  Probe  
  53  4:53  Stalker  
  53  4:54  Stalker  
  53  4:57  Probe  
  58  5:01  Probe  
  58  5:04  Pylon  
  59  5:09  Probe  
  60  5:15  Assimilator  
  60  5:16  Probe  
  60  5:20  Gateway  
  61  5:21  Probe  
  61  5:22  Stalker x2  
  66  5:28  Pylon  
  66  5:30  Probe  
  66  5:33  Robotics Facility  
  66  5:34  Probe  
  69  5:42  Probe  
  69  5:46  Probe  
  69  5:47  Stalker x2  
  71  5:54  Probe  
  71  5:56  Probe  
  72  5:58  Probe  
  69  6:07  Probe  
  69  6:08  Probe  
  69  6:10  Probe  
  72  6:13  Stalker x2  
  72  6:17  Stalker  
  72  6:19  Probe  
  72  6:20  Probe  
  68  6:27  Probe  
  68  6:31  Probe  
  67  6:36  Stalker x2  
  67  6:37  Probe  
  63  6:42  Stalker  
  63  6:45  Probe  
  62  6:48  Probe  
  62  6:49  Probe  
  60  6:57  Immortal, Probe  
  60  7:00  Probe  
  64  7:01  Probe  
  64  7:03  Stalker x2  
  64  7:08  Pylon  
  69  7:09  Probe  
  69  7:12  Probe  
  69  7:13  Probe  
  72  7:15  Assimilator  
  72  7:17  Dark Shrine  
  72  7:21  Probe  
  73  7:24  Forge  
  73  7:26  Gateway  
  73  7:28  Gateway  
  73  7:30  Gateway  
  73  7:34  Stalker x3  
  79  7:40  Nexus  
  79  7:43  Pylon, Observer  
  80  7:53  Protoss Ground Weapons Level 1 (Chrono Boost)  
  80  7:58  Stalker x3  
  80  8:01  Shield Battery  
  80  8:04  Probe x2  
  88  8:11  Pylon  
  88  8:12  Probe  
  89  8:16  Probe  
  86  8:21  Immortal (Chrono Boost)  
  86  8:23  Stalker x4  
  84  8:29  Shield Battery  
  84  8:30  Stalker  
  84  8:31  Pylon, Probe  
  84  8:32  Assimilator  
  86  8:40  Dark Templar  
  88  8:43  Probe  
  93  8:49  Zealot x3  
  93  8:50  Immortal (Chrono Boost)  
  93  8:51  Zealot  
  100  9:01  Stalker  
  102  9:07  Nexus  
  102  9:09  Stalker  
  104  9:10  Stalker  
  106  9:17  Stalker  
  106  9:19  Probe  
  105  9:27  Stalker x2  
  105  9:30  Stalker  
  107  9:33  Zealot  
  107  9:38  Pylon  
  109  9:41  Zealot x2  
  98  9:51  Dark Templar x2  
  94  9:55  Zealot x2  
  94  10:00  Probe  
  94  10:01  Zealot x2  
  94  10:02  Pylon  
Tags
 
Add a new tag
Caveats
  • Supply blocks, unpowered buildings, or Contaminate may cause inaccurate times.
  • Supply counts are checked every 10 seconds.